 Dungeon Crawl Stone Soup version 0.16-a0-3625-g2624681 (webtiles) character file.

78747 PolkaDot the Black Belt (level 15, -8/139 HPs)
             Began as a Grey Draconian Monk on Jan 14, 2015.
             Was the Champion of Jiyva.
             Mangled by an iron troll simulacrum (37 damage)
             ... in an ice cave.
             The game lasted 01:18:57 (27446 turns).

PolkaDot the Black Belt (Grey Draconian Monk)      Turns: 27446, Time: 01:18:58

Health: -8/139     AC: 31    Str:  9    XL:     15   Next: 19%
Magic:  31/31      EV: 23    Int: 10    God:    Jiyva [******]
Gold:   1955       SH:  0    Dex: 27    Spells: 2 memorised, 10 levels left

rFire  . . .     SeeInvis .       - Unarmed
rCold  . . .     Clarity  .     (armour unavailable)
rNeg   + . .     SustAb   .     (no shield)
rPois  +         Gourm    .     B - +1 hat
rElec  .         Spirit   .     e - +1 cloak of the First Cities {Noisy +Twstr +Inv Int+2}
rCorr  +         Warding  +     d - +2 pair of gloves
rMut   .         Stasis   .     o - +2 pair of boots
MR     +....                    w - amulet of warding
Stlth  +++.......               E - ring of Robustness {AC+8}
                                O - ring of poison resistance

@: very slightly contaminated, slowed, invisible, very slow, somewhat resistant
to hostile enchantments, fairly stealthy
A: walk through water, unfitting armour, beak, stinger 1, agile 1, dopey 1, high
mp 1, mutation resistance 1, spit poison 1, unbreathing, translucent skin 1,
cold-blooded, AC +14
a: Spit Poison, Request Jelly, Jelly Paralyse, Slimify, Cure Bad Mutation,
Renounce Religion, Turn Visible, Evoke Twister


You were in an ice cave.
You worshipped Jiyva.
Jiyva was exalted by your worship.
You were very full.

You visited 4 branches of the dungeon, and saw 29 of its levels.
You visited 1 bazaar.
You also visited: Labyrinth and Ice Cave.

You collected 1980 gold pieces.
You spent 25 gold pieces at shops.

Inventory:

Missiles
 F - a throwing net (quivered)
Armour
 d - a +2 pair of gloves (worn)
 e - the +1 cloak of the First Cities (worn) {Noisy +Twstr +Inv Int+2}
   (You found it on level 12 of the Dungeon)

   It affects your intelligence (+2).
   It lets you turn invisible.
   It may make noises in combat.
   It can be evoked to create a twister.
 o - a +2 pair of boots (worn)
 B - a +1 hat (worn)
Rods
 y - a +1 lightning rod (12/12)
   (You found it in a labyrinth)
 K - a +2 rod of clouds (12/12)
   (You found it in a labyrinth)
Jewellery
 g - an uncursed ring of sustain abilities
 w - an amulet of warding (around neck)
 E - the ring of Robustness (right hand) {AC+8}
   (You found it in a labyrinth)

   [ring of protection]

   It affects your AC (+8).
 I - the ring "Ynlynukk" {+Inv rF++ Stlth+}
   (You found it in a labyrinth)

   [ring of stealth]

   It greatly protects you from fire.
   It lets you turn invisible.
   It makes you more stealthy.
 O - a ring of poison resistance (left hand)
 Q - an uncursed amulet of guardian spirit
Magical devices
 c - a wand of lightning (0)
 m - a wand of draining (7)
 r - a wand of enslavement (18)
 z - a wand of polymorph (18)
 A - a wand of polymorph (11)
 J - a wand of frost (23)
 L - a wand of digging (0)
 M - a wand of draining (3)
 N - a wand of digging (10)
 R - a wand of hasting (3)
 T - a wand of magic darts (15)
Scrolls
 a - 8 scrolls of remove curse
 f - a scroll of amnesia
 h - 8 scrolls of identify
 j - 4 scrolls of magic mapping
 k - 3 scrolls of teleportation
 s - a scroll of summoning {unknown}
 t - 4 scrolls of recharging
 u - a scroll of noise {unknown}
 x - 2 scrolls of fog
 D - a scroll of random uselessness {unknown}
 G - a scroll of torment {unknown}
 S - a scroll of vulnerability {unknown}
Potions
 b - 4 potions of curing
 i - 2 potions of degeneration {unknown}
 l - a potion of resistance
 n - 6 potions of flight
 p - a potion of heal wounds
 q - a potion of brilliance
 C - a potion of haste
 H - a potion of magic {unknown}
 P - a potion of agility
 U - 2 potions of might
Miscellaneous
 v - a lantern of shadows


   Skills:
 + Level 14.7 Fighting
 - Level 9.3 Dodging
 - Level 1.7 Stealth
 * Level 18.4 Unarmed Combat
 + Level 11.0 Evocations


You had 10 spell levels left.
You knew the following spells:

 Your Spells              Type           Power        Failure   Level  Hunger
a - Apportation           Tloc           #.........   38%         1    ##.....
r - Regeneration          Chrm/Necr      #.........   92%         3    ####...


Dungeon Overview and Level Annotations

Branches:
Dungeon (15/15)            Temple (0/1) D:7            Lair (8/8) D:8
  Swamp (2/5) Lair:3        Snake (0/5) Lair:4        Slime (0/6) Lair:6
    Orc (4/4) D:10            Elf (0/3) Orc:3        Vaults (0/5) D:13
 Depths (0/5) D:15

Altars:
Cheibriados
Elyvilon
Makhleb
Sif Muna
Xom
Yredelemnul
Zin
The Shining One
Jiyva

Shops:
D:7 [   D:8 *[   D:12 [   D:14 (%   Orc:2 =   Orc:4 ?=*(


Innate Abilities, Weirdness & Mutations

You can walk through water.
Your dull iron-grey scales are very hard (AC +14).
Your body does not fit into most forms of armour.
You can survive without breathing.
Your cold-blooded metabolism reacts poorly to cold.
You have a beak for a mouth.
Your tail ends in a poisonous barb.
You are agile. (Dex +2)
You are dopey. (Int -2)
You have an increased reservoir of magic (+10% MP).
You are somewhat resistant to further mutation.
You can spit poison.
Your skin is partially translucent (Stealth, -foe acc).


Message History

You peck the iron troll simulacrum, but do no damage.
You strike the helpless iron troll simulacrum from behind!
You punch the iron troll simulacrum!
You catch the helpless iron troll simulacrum completely off-guard!
You hit the iron troll simulacrum but do no damage.
You peck the iron troll simulacrum, but do no damage.
You tail-slap the iron troll simulacrum, but do no damage.
You punch the iron troll simulacrum. You hit the iron troll simulacrum.
The iron troll simulacrum barely misses you.
The iron troll simulacrum claws you!
* * * LOW HITPOINT WARNING * * *
The iron troll simulacrum freezes you!!!
* * * LOW HITPOINT WARNING * * *
You shudder from the blow and a jelly pops out!
The iron troll simulacrum claws you!
* * * LOW HITPOINT WARNING * * *
The iron troll simulacrum freezes you!!!
You feel yourself slow down.
You die...

#..#......##
*,,,**,,,,,**,,***
###..##..###
***,,*********,,** *#...######
*,,** ***,,* #.§##§## ***,,*
*,,,** ##.,##.## ##*,,,****
**,,*** ##§§.#.## ##.,,,**≈≈**
**,,** *
##.#.#.###...,**≈≈≈≈****,,**
**
##.....###..###≈≈≈≈**,,,*****≈
#...###.###ZZ@###≈≈***,,* *≈≈≈
##...###.####ZJ.#≈**,,,** **≈≈
##...#.####...##≈*,,*** **≈≈*
###...##...###≈≈**,,****≈≈≈≈
###....###≈≈≈**,,***≈≈≈≈≈≈
######*≈≈≈**,,***≈≈≈≈≈*≈
**≈≈≈≈≈***,≈≈****≈≈≈* *≈≈≈≈≈**
****≈≈*≈≈≈** ***≈≈****
**≈≈≈≈*≈,


You could see 3 iron troll simulacra and a friendly azure jelly.

Vanquished Creatures
  Gastronok (Lair:1)
  4 vault guards (D:13)
  A minotaur (Lab)
  Harold (Lair:6)
  3 centaur warriors (D:13)
  3 hydras
  Erica (Lair:2)
  An alligator (Swamp:1)
  An orc high priest (Orc:4)
  Nergalle (Lair:6)
  A catoblepas (Lair:6)
  Erolcha (D:8)
  A skeletal warrior (D:9)
  An unseen horror (D:11)
  3 hill giants
  3 ice devils (IceCv)
  A swamp dragon (Swamp:1)
  6 orc sorcerers
  An orc knight (Orc:1)
  4 black mambas
  A necromancer (D:9)
  A cyclops (D:12)
  18 elephants
  2 manticores
  A gargoyle (D:14)
  25 spiny frogs
  A queen ant (Lair:1)
  A naga mage (D:15)
  2 torpor snails (Lair:8)
  3 kobold demonologists (D:11)
  6 komodo dragons
  2 blue devils
  A polar bear (Lair:7)
  5 freezing wraiths
  6 giant leeches
  A trapdoor spider zombie (D:9)
  Prince Ribbit (Lair:2)
  3 trolls
  2 bog bodies (Swamp:1)
  3 boulder beetles
  21 blink frogs
  A spriggan (D:10)
  A dire elephant simulacrum (IceCv)
  4 basilisks
  4 shadows
  A flying skull (D:9)
  3 wraiths
  26 yaks
  A hog (shapeshifter) (D:15)
  The ghost of PolkaDot the Insei, an average DrMo (D:3)
  10 vampire mosquitoes
  3 wyverns
  A human (D:10)
  A deep elf mage (D:15)
  3 deep elf fighters
  A harpy simulacrum (IceCv)
  A hungry ghost (D:13)
  2 wargs
  5 wolves (Lair:4)
  7 hippogriffs
  4 swamp worms
  4 insubstantial wisps
  7 porcupines
  5 nagas (Lair:4)
  6 soldier ants (Lair:1)
  3 swamp drakes
  15 crocodiles
  3 necrophages
  2 sky beasts
  2 wasps
  24 orc warriors
  9 water moccasins
  3 boring beetles
  3 ice beasts
  A phantom (D:11)
  12 ogres
  3 centaurs
  2 big kobolds (D:11)
  24 giant frogs
  5 hounds
  A wyvern skeleton (D:11)
  A water moccasin skeleton (D:9)
  3 scorpions
  A swamp dragon simulacrum (IceCv)
  A troll zombie (D:10)
  20 wights
  28 killer bees
  4 electric eels
  2 draconian simulacra (IceCv)
  2 goliath beetles
  3 centaur skeletons
  10 crimson imps
  3 human zombies (D:10)
  A jelly (D:4)
  Crazy Yiuf (D:7)
  3 giant frog zombies
  2 centaur zombies
  A giant frog skeleton (D:6)
  27 orc priests
  43 orc wizards
  A troll simulacrum (IceCv)
  8 iguanas
  A quasit (D:13)
  29 worker ants
  2 centaur simulacra (IceCv)
  Jessica (D:2)
  14 sheep
  2 hound zombies (D:9)
  4 hound skeletons
  8 mummies
  2 worker ant zombies (D:9)
  4 gnolls (D:4)
  46 river rats
  2 giant mites
  A naga simulacrum (IceCv)
  24 adders
  2 shadow imps
  5 white imps (IceCv)
  9 worms
  2 ufetubi (IceCv)
  2 adder zombies
  3 giant geckos
  4 oozes (D:4)
  128 orcs
  12 bats
  2 bat skeletons (D:4)
  8 giant cockroaches
  22 goblins
  9 hobgoblins
  10 jackals
  16 kobolds
  10 quokkas
  A ball python (D:3)
  4 giant newts
  A quokka skeleton (D:5)
  8 rats
  3 ballistomycetes (D:15)
925 creatures vanquished.

Vanquished Creatures (collateral kills)
  The ghost of PolkaDot the Black Belt, a powerful DrMo of Okawaru (D:15)
  An ogre mage (D:15)
  A wizard (D:15)
  An ogre (D:15)
4 creatures vanquished.

Vanquished Creatures (others)
  An unseen horror (D:13)
  2 slime creatures
  5 water moccasins
  A porcupine (Lair:7)
  A soldier ant (Lair:1)
  An ogre (D:8)
  2 giant frogs
  Blork the orc (D:8)
  An orc wizard (Orc:3)
  A scorpion (D:8)
  2 killer bees
  152 jellies
  4 crimson imps
  2 giant frog zombies
  2 orc priests
  2 giant frog skeletons
  2 worker ants (Lair:1)
  2 hounds
  A hound zombie (D:7)
  A hound skeleton (D:7)
  6 adders
  3 kobolds
  2 shadow imps
  14 river rats
  A white imp (IceCv)
  An adder skeleton (D:9)
  A giant gecko (D:8)
  15 orcs
  2 bats
  A giant cockroach (D:5)
  7 goblins
  5 hobgoblins
  A giant spore (D:15)
  3 quokkas
  2 rats
  A butterfly (Lair:2)
  4 fungi
  6 plants (Lair:8)
261 creatures vanquished.

Grand Total: 1190 creatures vanquished

Notes
Turn   | Place    | Note
--------------------------------------------------------------
     0 | D:1      | PolkaDot, the Draconian Monk, began the quest for the Orb.
     0 | D:1      | Reached XP level 1. HP: 19/19 MP: 1/1
   396 | D:1      | Reached XP level 2. HP: 26/26 MP: 2/2
  1271 | D:2      | Reached XP level 3. HP: 4/31 MP: 3/3
  1742 | D:2      | Reached skill level 5 in Unarmed Combat
  1748 | D:2      | Reached XP level 4. HP: 20/40 MP: 4/4
  1981 | D:2      | Found a white marble altar of Elyvilon.
  2225 | D:2      | Noticed Jessica
  2236 | D:2      | Killed Jessica
  2446 | D:2      | Found a burning altar of Makhleb.
  2446 | D:2      | Noticed a cacodemon
  2572 | D:2      | Reached XP level 5. HP: 36/46 MP: 5/5
  3030 | D:3      | Noticed PolkaDot's ghost (average DrMo)
  3049 | D:3      | Killed PolkaDot's ghost
  3049 | D:3      | Reached skill level 6 in Unarmed Combat
  3049 | D:3      | Reached XP level 6. HP: 40/53 MP: 6/6
  3174 | D:3      | You fall through a shaft!
  3805 | D:4      | Found a viscous altar of Jiyva.
  3838 | D:4      | Became a worshipper of Jiyva Jaedued the Shapeless
  3838 | D:4      | Acquired Jiyva's first power
  3838 | D:4      | Acquired Jiyva's second power
  3884 | D:4      | Reached skill level 5 in Fighting
  4128 | D:4      | Your scales start taking on a dull iron-grey colour.
  4128 | D:4      | Gained mutation: You can survive without breathing. [draconian maturity]
  4128 | D:4      | Reached XP level 7. HP: 61/61 MP: 7/7
  4205 | D:5      | Entered Level 5 of the Dungeon
  4263 | D:5      | Found a deep blue altar of Sif Muna.
  4284 | D:5      | Reached skill level 7 in Unarmed Combat
  4757 | D:6      | Gained mutation: You have a small jelly attached to you that senses nearby items. [Jiyva's grace]
  4828 | D:6      | Lost mutation: You have a small jelly attached to you that senses nearby items. [potion of cure mutation]
  5064 | D:6      | Acquired Jiyva's third power
  5113 | D:6      | Reached XP level 8. HP: 65/70 MP: 8/8
  5179 | D:6      | Gained mutation: You have an increased reservoir of magic (+10% MP). [potion of beneficial mutation]
  5184 | D:6      | Reached skill level 8 in Unarmed Combat
  5319 | D:6      | Reached skill level 5 in Dodging
  5823 | D:7      | Found Eddu's Antique Armour Shop.
  5913 | D:7      | Gained mutation: Your tail ends in a poisonous barb. [Jiyva's grace]
  6081 | D:7      | Found a staircase to the Ecumenical Temple.
  6095 | D:7      | Reached skill level 9 in Unarmed Combat
  6099 | D:7      | Acquired Jiyva's fourth power
  6214 | D:7      | Found a deep blue altar of Sif Muna.
  6358 | D:7      | Noticed Crazy Yiuf
  6363 | D:7      | Killed Crazy Yiuf
  6509 | D:8      | Found a burning altar of Makhleb.
  6547 | D:8      | Found a staircase to the Lair.
  6605 | D:8      | Reached XP level 9. HP: 79/79 MP: 9/9
  6761 | D:8      | Found Bled's Armour Boutique.
  6764 | D:8      | Gained mutation: Your spells are a little harder to cast, but a little more powerful. [mutagenic meat]
  6765 | D:8      | Gained mutation: You tend to lose your temper in combat. [mutagenic meat]
  6766 | D:8      | Gained mutation: You have a considerably increased reservoir of magic (+20% MP). [mutagenic meat]
  6767 | D:8      | Lost mutation: You tend to lose your temper in combat. [Jiyva's power]
  6788 | D:8      | Lost mutation: Your spells are a little harder to cast, but a little more powerful. [Jiyva's grace]
  6990 | D:8      | Reached skill level 10 in Unarmed Combat
  7071 | D:8      | Noticed Erolcha
  7081 | D:8      | Killed Erolcha
  7444 | D:8      | Killed Blork the orc
  7688 | D:8      | Gained mutation: You have a small jelly attached to you that senses nearby items. [Jiyva's grace]
  7834 | D:8      | Found a shimmering altar of Xom.
  7835 | D:8      | Found a glowing golden altar of the Shining One.
  7902 | D:8      | Found a glowing silver altar of Zin.
  7903 | D:8      | Found Zin's Purification Station.
  8097 | D:9      | Reached skill level 11 in Unarmed Combat
  8097 | D:9      | Reached XP level 10. HP: 76/90 MP: 12/12
  8135 | D:9      | Gained mutation: You have a pair of small horns on your head. [Jiyva's grace]
  8416 | D:9      | Noticed a skeletal warrior
  8455 | D:9      | Killed a skeletal warrior
  8841 | D:9      | Noticed a necromancer
  8848 | D:9      | Killed a necromancer
  8878 | D:9      | Reached skill level 12 in Unarmed Combat
  8975 | D:9      | Gained mutation: Armour fits poorly on your pseudopods. [Jiyva's grace]
  9047 | D:10     | Entered Level 10 of the Dungeon
  9196 | D:10     | Noticed a hill giant
  9200 | D:10     | Found a staircase to the Orcish Mines.
  9207 | D:10     | Killed a hill giant
  9251 | D:10     | Gained mutation: You have sharp toenails. [Jiyva's grace]
  9393 | D:10     | Reached XP level 11. HP: 75/99 MP: 13/13
  9396 | D:10     | Lost mutation: You have a small jelly attached to you that senses nearby items. [Jiyva's grace]
  9667 | D:10     | Reached skill level 10 in Fighting
  9689 | D:10     | Found a basalt altar of Yredelemnul.
  9894 | D:11     | Lost mutation: Your tail ends in a poisonous barb. [Jiyva's grace]
  9992 | D:11     | Killed an unseen horror
 10008 | D:11     | Reached skill level 13 in Unarmed Combat
 10126 | D:11     | Lost mutation: You have sharp toenails. [Jiyva's grace]
 10217 | D:3      | Lost mutation: Armour fits poorly on your pseudopods. [Jiyva's grace]
 10265 | D:11     | Got a translucent steel ring
 10962 | D:12     | Lost mutation: You have a pair of small horns on your head. [Jiyva's grace]
 11495 | D:12     | Found Shor's Armour Shoppe.
 11507 | D:12     | Got a spiked cloak
 11519 | D:12     | Identified the +1 cloak of the First Cities {Noisy +Twstr +Inv Int+2} (You found it on level 12 of the Dungeon)
 11566 | D:12     | Reached skill level 1 in Evocations
 11602 | D:12     | Gained mutation: You have supernaturally acute eyesight. [Jiyva's grace]
 11782 | D:13     | Identified the ring "Hero's Friend" {Ice *Rage +Fly rN+} (You took it off a kobold demonologist on level 11 of the Dungeon)
 11898 | D:13     | Noticed a hill giant
 11898 | D:13     | Noticed a centaur warrior
 11898 | D:13     | Noticed a vault guard
 11899 | D:13     | Noticed a vault guard
 11899 | D:13     | Found a gate to the Vaults.
 11899 | D:13     | Noticed a vault guard
 11899 | D:13     | Noticed a vault guard
 11899 | D:13     | Noticed an unseen horror
 11900 | D:13     | Noticed a centaur warrior
 11907 | D:13     | Killed a hill giant
 11907 | D:13     | Reached skill level 14 in Unarmed Combat
 11907 | D:13     | Reached XP level 12. HP: 52/110 MP: 19/19
 11918 | D:13     | Killed a vault guard
 11936 | D:13     | Killed a centaur warrior
 11940 | D:13     | Killed an unseen horror
 11959 | D:13     | Killed a vault guard
 11963 | D:13     | Killed a centaur warrior
 11965 | D:13     | HP: 2/110 [vault guard/bardiche (16)]
 11973 | D:13     | Learned a level 1 spell: Apportation
 12105 | D:13     | Gained mutation: You have acidic saliva. [Jiyva's grace]
 12357 | D:13     | Noticed a centaur warrior
 12371 | D:13     | Killed a centaur warrior
 12374 | D:13     | Lost mutation: You have acidic saliva. [Jiyva's grace]
 12481 | D:13     | Killed a vault guard
 12513 | D:13     | Killed a vault guard
 12993 | D:13     | Reached skill level 5 in Evocations
 13140 | D:13     | Gained mutation: You tend to lose your temper in combat. [Jiyva's grace]
 13352 | D:14     | Found Muguem's Food Boutique.
 13413 | D:14     | Reached skill level 15 in Unarmed Combat
 13444 | D:14     | Lost mutation: You tend to lose your temper in combat. [Jiyva's grace]
 13446 | D:14     | Noticed a five-headed hydra
 13454 | D:14     | Killed a five-headed hydra
 13536 | D:14     | Found Egiasiap's Antique Weapon Shoppe.
 13554 | D:14     | Gained mutation: Your tail ends in a poisonous barb. [Jiyva's grace]
 13960 | D:15     | Entered Level 15 of the Dungeon
 14156 | D:15     | Lost mutation: Your tail ends in a poisonous barb. [Jiyva's grace]
 14228 | D:15     | Found a staircase to the Depths.
 14228 | D:15     | Noticed an ogre mage
 14346 | D:15     | Reached XP level 13. HP: 111/118 MP: 26/26
 14450 | D:15     | Noticed PolkaDot's ghost (powerful DrMo)
 14468 | D:15     | Killed PolkaDot's ghost
 14476 | D:15     | Killed an ogre mage
 14598 | D:15     | Gained mutation: You possess an exceptional clarity of mind. [Jiyva's grace]
 14751 | D:11     | Noticed a hill giant
 14761 | D:11     | Killed a hill giant
 14897 | Lair:1   | Entered Level 1 of the Lair of Beasts
 14928 | Lair:1   | Noticed Gastronok
 14949 | Lair:1   | Killed Gastronok
 15075 | Lair:1   | Lost mutation: You have supernaturally acute eyesight. [Jiyva's grace]
 15515 | Lair:1   | Gained mutation: You are somewhat resistant to further mutation. [Jiyva's grace]
 15639 | Lair:1   | Reached skill level 16 in Unarmed Combat
 15687 | Lair:1   | Gained mutation: You tend to lose your temper in combat. [Jiyva's grace]
 16121 | Lair:1   | Lost mutation: You possess an exceptional clarity of mind. [Jiyva's grace]
 16278 | Lair:2   | Found a labyrinth entrance.
 16295 | Lab      | Entered a labyrinth
 16513 | Lab      | Identified the Catalogue of Cankerous Necromancy
 16513 | Lab      | Identified the Handbook of the Countless Spirits
 16513 | Lab      | Got a pitted steel ring
 16919 | Lair:2   | Lost mutation: You tend to lose your temper in combat. [Jiyva's grace]
 16959 | Lair:2   | Noticed Prince Ribbit
 16983 | Lair:2   | Killed Prince Ribbit
 17045 | Lair:2   | Noticed Erica
 17055 | Lair:2   | Killed Erica
 17774 | Lair:3   | Gained mutation: Your spells are a little harder to cast, but a little more powerful. [Jiyva's grace]
 18168 | Lair:3   | Identified the ring "Ynlynukk" {+Inv rF++ Stlth+} (You found it in a labyrinth)
 18182 | Lair:3   | Found a staircase to the Swamp.
 18467 | Lair:4   | Found a staircase to the Snake Pit.
 18501 | Lair:4   | Lost mutation: Your spells are a little harder to cast, but a little more powerful. [Jiyva's grace]
 18851 | Lair:4   | Gained mutation: Thin tendrils of slime have grown from your body. [Jiyva's grace]
 19093 | Lair:4   | Learned a level 3 spell: Regeneration
 19333 | Lair:5   | Found a white marble altar of Elyvilon.
 19359 | Lair:5   | Gained mutation: Your spells are a little harder to cast, but a little more powerful. [Jiyva's grace]
 19970 | Lair:6   | Found a viscous altar of Jiyva.
 19971 | Lair:6   | Found a staircase to the Slime Pits.
 20244 | Lair:6   | Noticed Nergalle
 20261 | Lair:6   | Killed Nergalle
 20261 | Lair:6   | Reached XP level 14. HP: 129/129 MP: 31/31
 20262 | Lair:6   | Gained mutation: Your muscles are strong. (Str +2) [Jiyva's grace]
 20281 | Lair:6   | Noticed Harold
 20301 | Lair:6   | Killed Harold
 20384 | Lair:6   | Reached skill level 17 in Unarmed Combat
 20502 | Lair:6   | Gained mutation: Your skin is partially translucent (Stealth, -foe acc). [Jiyva's grace]
 21460 | Lair:7   | Gained mutation: You have a beak for a mouth. [Jiyva's grace]
 21762 | Lair:7   | Lost mutation: Your spells are a little harder to cast, but a little more powerful. [Jiyva's grace]
 22259 | Lair:8   | Entered Level 8 of the Lair of Beasts
 22489 | Lair:8   | Found a snail-covered altar of Cheibriados.
 22741 | Lair:8   | Gained mutation: You possess an exceptional clarity of mind. [Jiyva's grace]
 22864 | Lair:8   | Lost mutation: Your muscles are strong. (Str +2) [Jiyva's grace]
 22926 | Lair:8   | Reached skill level 10 in Evocations
 23000 | Lair:8   | Gained mutation: You have sharp toenails. [Jiyva's grace]
 23144 | Lair:8   | Identified a +2 rod of clouds (12/12) (You found it in a labyrinth)
 23153 | Lair:8   | Gained mutation: Your spells are a little harder to cast, but a little more powerful. [Jiyva's grace]
 23337 | Lair:8   | Identified the Handbook of Malediction
 23590 | Lair:1   | Reached skill level 18 in Unarmed Combat
 23638 | Lair:1   | Gained mutation: You can spit poison. [Jiyva's grace]
 23752 | Orc:1    | Entered Level 1 of the Orcish Mines
 24201 | Orc:2    | Found Vaesulis' Jewellery Shoppe.
 24906 | Orc:3    | Gained mutation: You are dopey. (Int -2) [Jiyva's grace]
 24926 | Orc:3    | Lost mutation: Your spells are a little harder to cast, but a little more powerful. [Jiyva's grace]
 24967 | Orc:3    | Gained mutation: Your skin is mostly translucent (Stealth, -foe acc). [Jiyva's grace]
 25000 | Orc:3    | Found a staircase to the Elven Halls.
 25092 | Orc:3    | Gained mutation: You have acidic saliva. [Jiyva's grace]
 25375 | Orc:3    | Gained mutation: Your tail ends in a poisonous barb. [Jiyva's grace]
 25389 | Orc:4    | Entered Level 4 of the Orcish Mines
 25397 | Orc:4    | Found a flickering gateway to a bazaar.
 25403 | Bazaar   | Entered a bazaar
 25403 | Bazaar   | Found Onod Twadag's Assorted Antiques.
 25403 | Bazaar   | Found Twei's Armour Boutique.
 25403 | Bazaar   | Found Uloank's Book Shoppe.
 25404 | Bazaar   | Found Mianaem's Antique Armour Emporium.
 25413 | Bazaar   | Found Ema Xama's Distillery.
 25443 | Bazaar   | Bought a potion of mutation for 25 gold pieces
 25443 | Bazaar   | Gained mutation: You are clumsy. (Dex -2) [potion of mutation]
 25584 | Orc:4    | Lost mutation: Thin tendrils of slime have grown from your body. [Jiyva's grace]
 25696 | Orc:4    | Found Streit's Jewellery Emporium.
 25696 | Orc:4    | Found Ononosa's Magic Scroll Emporium.
 25718 | Orc:4    | Found Kummup's Weapon Shoppe.
 25718 | Orc:4    | Found Gacohaut's General Store.
 25822 | Orc:4    | Lost mutation: You have a considerably increased reservoir of magic (+20% MP). [Jiyva's grace]
 25832 | Orc:4    | Lost mutation: You have acidic saliva. [Jiyva's grace]
 25841 | Orc:4    | Lost mutation: You are clumsy. (Dex -2) [Jiyva's grace]
 25845 | Orc:4    | Lost mutation: You possess an exceptional clarity of mind. [Jiyva's grace]
 25855 | Orc:4    | Lost mutation: Your skin is mostly translucent (Stealth, -foe acc). [Jiyva's grace]
 25981 | Orc:4    | Lost mutation: You have sharp toenails. [Jiyva's grace]
 26595 | Swamp:1  | Entered Level 1 of the Swamp
 26625 | Swamp:1  | Reached XP level 15. HP: 97/139 MP: 20/30
 26943 | Swamp:1  | Gained mutation: You are agile. (Dex +2) [Jiyva's grace]
 27196 | Swamp:2  | Found a frozen archway.
 27212 | IceCv    | Entered an ice cave
 27446 | IceCv    | Mangled by an iron troll simulacrum

Action                   |  1- 3 |  4- 6 |  7- 9 | 10-12 | 13-15 || total
-------------------------+-------+-------+-------+-------+-------++-------
Melee: Unarmed           |   129 |   249 |   427 |   975 |  1912 ||  3692
 Cast: Apportation       |       |       |       |       |     1 ||     1
Invok: Request Jelly     |       |       |     4 |     7 |     9 ||    20
       Cure Bad Mutation |       |       |     1 |       |       ||     1
       Jelly Paralyse    |       |       |       |       |     1 ||     1
 Abil: Evoke Invisibilit |       |       |       |       |     4 ||     4
       Evoke Twister     |       |       |       |       |     1 ||     1
Evoke: Wand              |       |       |     3 |     3 |     5 ||    11
  Use: Potion            |     1 |     2 |    11 |    10 |     1 ||    25
       Scroll            |       |     2 |       |    15 |     6 ||    23
 Stab: Sleeping          |     2 |     5 |     4 |    11 |    26 ||    48
       Invisible         |       |       |       |     8 |    28 ||    36
       Distracted        |       |       |       |     3 |     7 ||    10
  Eat: Chunk             |     3 |     6 |     5 |       |       ||    14
       Fruit             |       |     2 |       |       |       ||     2
       Bread ration      |       |       |     1 |       |       ||     1
